 Dungeon Crawl Stone Soup version 0.26-a0-651-gb41185065b (webtiles) character file.

Game seed: 419928454325122010

590 Irenicus the Chopper (level 7, -4/61 HPs)
             Began as a Deep Dwarf Monk on Oct 1, 2020.
             Was a Believer of Makhleb.
             Shot with an arrow by a centaur (8 damage)
             ... on level 5 of the Dungeon.
             The game lasted 00:15:36 (2295 turns).

Irenicus the Chopper (Deep Dwarf Monk)              Turns: 2295, Time: 00:15:37

Health: -4/61      AC:  9    Str: 15    XL:     7   Next: 15%
Magic:  7/7        EV: 14    Int: 10    God:    Makhleb [**....]
Gold:   243        SH:  0    Dex: 17    Spells: 6/6 levels left

rFire    . . .     SeeInvis .   e - +0 hand axe (freeze)
rCold    . . .     Faith    .   (no shield)
rNeg     . . .     Spirit   .   n - +0 ring mail
rPois    .         Reflect  .   k - +2 hat
rElec    .         Harm     .   c - +1 cloak
rCorr    .         Rampage  .   (no gloves)
MR       +....     Rnd*Tele +   (no boots)
Stlth    ++........             (no amulet)
HPRegen  0.00/turn              (no ring)
MPRegen  0.10/turn              (no ring)

@: non-regenerating
A: damage resistance, heal wounds, sense surroundings 1, teleportitis 1,
MP-powered wands, sturdy frame 1, no regeneration
a: Heal Wounds, Minor Destruction, Renounce Religion


You were on level 5 of the Dungeon.
You worshipped Makhleb.
Makhleb was pleased with you.
You visited 2 branches of the dungeon, and saw 7 of its levels.

You collected 243 gold pieces.

Inventory:

Hand Weapons
 a - a +1 hand axe
 e - a +0 hand axe of freezing (weapon)
   (You found it on level 4 of the Dungeon)
Armour
 c - a +1 cloak (worn)
   (You found it on level 1 of the Dungeon)
 k - a +2 hat (worn)
   (You found it on level 3 of the Dungeon)
 n - a +0 ring mail (worn)
   (You found it on level 5 of the Dungeon)
Scrolls
 b - a scroll of teleportation
 g - 3 scrolls of enchant weapon
 i - 7 scrolls of remove curse
Potions
 h - a potion of flight
 m - a potion of haste


   Skills:
 - Level 2.6 Fighting
 + Level 7.4 Axes
 - Level 3.0 Armour
 - Level 5.1 Dodging
 - Level 2.4 Stealth


You had 6 spell levels left.
You didn't know any spells.
Your spell library was empty.

Dungeon Overview and Level Annotations

Branches:
Dungeon (6/15)             Temple (1/1) D:4

Altars:
Fedhas
Makhleb
Qazlal
Sif Muna

Annotations:
D:5 Dowan


Innate Abilities, Weirdness & Mutations

You are resistant to damage.
You can heal yourself by infusing magical energy.
You passively map a small area around you.
You do not regenerate.
You are occasionally teleported next to monsters.
You expend magic power (3 MP) to strengthen your wands.
Your movements are slightly less encumbered by armour. (ER -2)


Message History

You see here an adder corpse.
Found a stone staircase leading down.
Found a stone staircase leading down.
A bullfrog skeleton comes into view.
Okay, then.
You hit the bullfrog skeleton.
The bullfrog skeleton is lightly damaged.
The bullfrog skeleton completely misses you.
You slash the bullfrog skeleton!
The bullfrog skeleton is moderately damaged.
The bullfrog skeleton hits you.
* * * LOW HITPOINT WARNING * * *
You take 1 damage, and have 12/61 hp.
You slash the bullfrog skeleton!
The bullfrog skeleton is severely damaged.
The bullfrog skeleton completely misses you.
The bullfrog skeleton barely misses you.
You barely miss the bullfrog skeleton.
The bullfrog skeleton is severely damaged.
The bullfrog skeleton barely misses you.
You barely miss the bullfrog skeleton.
The bullfrog skeleton is severely damaged.
The bullfrog skeleton closely misses you.
You barely miss the bullfrog skeleton.
The bullfrog skeleton is severely damaged.
The bullfrog skeleton closely misses you.
You hit the bullfrog skeleton.
The bullfrog skeleton is severely damaged.
The bullfrog skeleton closely misses you. x2
You slash the bullfrog skeleton!
You destroy the bullfrog skeleton!
Makhleb accepts your kill.
Your Armour skill increases to level 3!
Dowan, Brother of Duvessa comes into view.
He is wielding a +0 dagger.
Marking area around Dowan as unsafe for travelling.
MP restored: 7 A hound comes into view.
The hound barks!
The hound completely misses you. The hound bites you but does no damage.
You barely miss the hound. The hound barely misses you.
You slash the hound! You freeze the hound.
The hound is severely wounded.
The hound bites you but does no damage. The hound barely misses you.
You hit the hound. You freeze the hound.
The hound is severely wounded.
The hound bites you but does no damage.
You closely miss the hound.
The hound is severely wounded.
The hound bites you but does no damage.
You slash the hound! You freeze the hound.
You kill the hound!
Makhleb accepts your kill.
You see here a hound corpse.
As you read the scroll labeled ORABRAPOUT, it crumbles to dust.
You smell meat roasting over an open fire.
It was a scroll of random uselessness.
Drop what? 10/52 slots (_ for help) (? for menu, Esc to quit)
You drop a scroll of random uselessness.
There is a stone staircase leading down here.
You climb downwards.
There is a stone staircase leading up here.
Found a scroll of teleportation.
Found a stone staircase leading up.
There is a stone staircase leading up here.
b - a scroll of teleportation
d - a scroll labeled SYJAXK LIELL A leopard gecko and an ogre come into view.
You see here 28 gold pieces.
You now have 229 gold pieces (gained 28).
The ogre shouts!
You now have 243 gold pieces (gained 14).
There are no items here.
You aren't carrying any items that you can evoke.
Okay, then.
As you read the scroll labeled SYJAXK LIELL, it crumbles to dust.
It is a scroll of amnesia.
You feel forgetful for a moment.
The leopard gecko hisses angrily.
A sky beast comes into view.
There is a stone staircase leading up here.
You climb upwards.
Level annotation: Dowan
There is a stone staircase leading down here.
A centaur comes into view.
The centaur shouts!
The centaur wields a +0 shortbow.
The centaur shoots an arrow.
The arrow completely misses you.
The centaur shoots an arrow.
The arrow barely misses you.
The centaur shoots an arrow.
The arrow barely misses you.
The centaur shoots an arrow.
The arrow barely misses you.
The centaur shoots an arrow.
The arrow hits you.
You see here an arrow.
The centaur shoots an arrow.
The arrow closely misses you.
The centaur shoots an arrow.
The arrow hits you.
You see here 2 arrows.
The centaur shoots an arrow.
The arrow hits you!
* * * LOW HITPOINT WARNING * * *
You see here an arrow.
You take 8 damage, and have 4/61 hp.
The centaur shoots an arrow.
The arrow hits you!
You die...

##### #...#
###>..############# ***
#((...............# *
#(......†....####.# ,
#(......####.# * *
######(#...### #?####.# #,
........@>...# #......#
,e..##
.######....#.#####..#####
......#########.c#........#
* #.........##..#..#####.#
#...............#..# #.#
###########.##.##.[# #.#
#.##.##..# #.# #.##.##..#
#.# #.##.##..## #.#


You could see a centaur.

Vanquished Creatures
  An ogre (D:4)
  A centaur (D:5)
  A bullfrog zombie (D:3)
  3 hounds (D:5)
  An orc priest (D:5)
  A bullfrog skeleton (D:5)
  An orc wizard (D:2)
  A worker ant (D:5)
  6 adders
  A white imp (D:5)
  2 oozes
  4 worms
  3 leopard geckos
  11 orcs
  7 giant cockroaches
  14 goblins
  12 hobgoblins
  6 jackals
  A quokka (D:3)
  2 ball pythons
  7 bats
  6 frilled lizards
  9 kobolds
  7 rats
108 creatures vanquished.

Notes
Turn   | Place    | Note
-------+----------+-------------------------------------------
     0 | D:1      | Irenicus the Deep Dwarf Monk began the quest for the Orb.
     0 | D:1      | Reached XP level 1. HP: 20/20 MP: 1/1
    62 | D:1      | Reached XP level 2. HP: 27/27 MP: 2/2
   286 | D:1      | Reached skill level 4 in Axes
   286 | D:1      | Reached skill level 4 in Dodging
   319 | D:1      | Reached XP level 3. HP: 25/33 MP: 3/3
   820 | D:2      | Reached XP level 4. HP: 35/40 MP: 4/4
  1195 | D:3      | Reached skill level 5 in Axes
  1195 | D:3      | Reached skill level 5 in Dodging
  1195 | D:3      | Reached XP level 5. HP: 28/46 MP: 5/5
  1538 | D:4      | Noticed an ogre
  1546 | D:4      | Killed an ogre
  1546 | D:4      | Reached skill level 6 in Axes
  1546 | D:4      | Reached XP level 6. HP: 23/55 MP: 6/6
  1654 | D:4      | Found a staircase to the Ecumenical Temple.
  1668 | Temple   | Entered the Ecumenical Temple
  1680 | Temple   | Became a worshipper of Makhleb the Destroyer
  1680 | Temple   | Reached * piety under Makhleb
  1680 | Temple   | Reached ** piety under Makhleb
  1766 | D:5      | Entered Level 5 of the Dungeon
  1842 | D:5      | HP: 20/82 [orc priest/divine providence (10)]
  1847 | D:5      | Reached skill level 1 in Armour
  1962 | D:5      | HP: 9/55 [orc/+0 flail (6)]
  1964 | D:5      | Gained mutation: You are occasionally teleported next to
                  | monsters. [potion of mutation]
  1964 | D:5      | Gained mutation: You expend magic power (3 MP) to
                  | strengthen your wands. [potion of mutation]
  1964 | D:5      | Gained mutation: Your movements are slightly less
                  | encumbered by armour. (ER -2) [potion of mutation]
  1974 | D:5      | Reached skill level 7 in Axes
  1974 | D:5      | Reached skill level 2 in Armour
  1994 | D:5      | HP: 14/82 [white imp (1)]
  2107 | D:5      | Reached XP level 7. HP: 13/61 MP: 0/7
  2150 | D:5      | HP: 12/61 [bullfrog skeleton (1)]
  2156 | D:5      | Reached skill level 3 in Armour
  2165 | D:5      | Noticed Dowan
  2294 | D:5      | HP: 4/61 [centaur/arrow (8)]
  2295 | D:5      | Shot with an arrow by a centaur

Illustrated notes

Levels and vault maps discovered:
D:1:      heliophobic_arrival_dark_side_of_the_moon, layout_loops_ring
D:2:      minmay_angry_zag, layout_basic
D:3:      layout_rooms, minmay_three_crescents
D:4:      layout_loops_ring, minmay_temple_entry_waves
D:5:      layout_loops_ring, grunt_ministairs_12, uniq_duvessa
D:6:      layout_loops_ring, st_stairs_5, uniq_pikel
Temple:   regret_index_temple_sigil_plot

Skill      XL: |  1  2  3  4  5  6  7 |
---------------+----------------------+-----
Axes           | 4 5 6 7 |  7.4
Dodging        | 4 5 |  5.1
Armour         | 2 3 |  3.0
Fighting       | |  2.6
Stealth        | |  2.4

Action                   |  1- 3 |  4- 6 |  7- 9 || total
-------------------------+-------+-------+-------++-------
Melee: Hand axe          |   119 |   230 |    13 ||   362
Evoke: Wand              |       |     6 |       ||     6
  Use: Scroll            |     5 |     1 |     2 ||     8
       Potion            |     1 |     6 |       ||     7
 Stab: Sleeping          |     7 |     3 |       ||    10
Armor: Robe              |     7 |       |       ||     7
       Leather armour    |    11 |    42 |       ||    53
       Ring mail         |       |    15 |     4 ||    19
       Skin              |       |    13 |       ||    13
Dodge: Dodged            |    78 |   171 |    16 ||   265

Table legend: (Time is in decaauts)
 A = Elapsed time spent in this place.
 B = Non-inter-level travel time spent in this place.
 C = Inter-level travel time spent in this place.
 D = Time resting spent in this place.
 E = Time spent auto-exploring this place.
 F = Levels seen in this place.
 G = Mean time per level.
                   A        B        C        D        E       F      G
               +--------+--------+--------+--------+--------+-----+--------+
         Total |   2301 |   2141 |    160 |     23 |      0 |   7 |  328.7 |
       Dungeon |   2280 |   2120 |    160 |     23 |      0 |   6 |  380.0 |
        Temple |     20 |     20 |      0 |      0 |      0 |   1 |   20.0 |
               +--------+--------+--------+--------+--------+-----+--------+

Top non-repeatable levels by time:
     D:1: 686 daAuts
     D:2: 544 daAuts
     D:5: 429 daAuts
     D:3: 297 daAuts
     D:4: 246 daAuts
     D:6: 75 daAuts
  Temple: 20 daAuts

Table legend:
 A = Kills in this place as a percentage of kills in entire the game.
 B = Kills by you in this place as a percentage of kills by you in the entire game.
 C = Kills by friends in this place as a percentage of kills by friends in the entire game.
 D = Other kills in this place as a percentage of other kills in the entire game.
 E = Experience gained in this place as a percentage of experience gained in the entire game.
 F = Experience gained in this place divided by the number of levels of this place that you have seen.
                   A       B       C       D       E      F
               +-------+-------+-------+-------+-------+----------------------
         Total | 100.0 | 100.0 |   N/A |   N/A | 100.0 | 120.4
       Dungeon | 100.0 | 100.0 |   N/A |   N/A | 100.0 | 140.5
               +-------+-------+-------+-------+-------+----------------------
